TOP OF THE 1ST |
Tembisa Aztecs batting - Pitching for Bloemfontein Sea Turtles : RHP Tsega Wangondu
|
Pitching: RHP Tsega Wangondu
|
|
Batting: SHB Freddie Blundell
|
0-0: Ball 1-0: Ball 2-0: Bunted foul 2-1: SINGLE (Line Drive, 56D, EV 96.9 MPH)
|
Batting: SHB Tewase Khalil
|
0-0: Called Strike 0-1: Called Strike Freddie Blundell steals 2nd base 0-2: Ball 1-2: Ball 2-2: Ball 3-2: SINGLE (Line Drive, 7LS, EV 90.6 MPH) Freddie Blundell to third
|
Batting: LHB Yitna Fenuku
|
0-0: DOUBLE (Flyball, 8RXD, EV 105.6 MPH) Freddie Blundell scores Tewase Khalil to third
|
Batting: RHB Nsen Barngetuny
|
0-0: Ball 1-0: Foul Ball, location: 7LSF 1-1: Fly out, F9 (Line Drive, 9LM, EV 91.9 MPH) Runner from 3rd tags up, SCORES, throw by RF
|
Now in RF: Danny Kony
|
|
Batting: RHB Akichika Isobe
|
0-0: Called Strike 0-1: Foul Ball, location: 2F 0-2: Ball 1-2: Ball 2-2: Ground out 6-3 (Groundball, 6, EV 81.3 MPH)
|
Batting: RHB Kezekia Limo
|
0-0: SINGLE (Groundball, 5, EV 83.1 MPH) Yitna Fenuku to third Runner from 3rd tries for Home, SAFE, throw by LF to home
|
Batting: RHB Ifser Sumai
|
0-0: Called Strike 0-1: Ball Kezekia Limo steals 2nd base 1-1: SINGLE (Groundball, 6MD, EV 95.0 MPH) Kezekia Limo to third Runner from 3rd tries for Home, SAFE, throw by CF to home
|
Batting: RHB Azar Mugi
|
0-0: Ball 1-0: Called Strike 1-1: Called Strike 1-2: Fielders Choice at 2nd, 5-4 (Groundball, 56, EV 88.1 MPH)
|
Top of the 1st over - 4 runs, 5 hits, 0 errors, 1 left on base; Tembisa 4 - Bloemfontein 0 |
BOTTOM OF THE 1ST |
Bloemfontein Sea Turtles batting - Pitching for Tembisa Aztecs : RHP Adergazoz Ambokile
|
Pitching: RHP Adergazoz Ambokile
|
|
Batting: RHB Aberashid Ngigi
|
0-0: Ball 1-0: Ball 2-0: Ground out U3 (Groundball, 13, EV 78.8 MPH)
|
Batting: LHB Danny Kony
|
0-0: Foul Ball, location: 2F 0-1: Ball 1-1: Fly out, F6 (Popup, 4M, EV 71.3 MPH)
|
Batting: LHB Enneber Arazi
|
0-0: Ground out U3 (Groundball, 3S, EV 89.4 MPH)
|
Bottom of the 1st over - 0 runs, 0 hits, 0 errors, 0 left on base; Tembisa 4 - Bloemfontein 0 |
TOP OF THE 2ND |
Tembisa Aztecs batting - Pitching for Bloemfontein Sea Turtles : RHP Tsega Wangondu
|
Batting: RHB Rahman Akinsanya
|
0-0: Ball 1-0: Called Strike 1-1: Ball 2-1: Foul Ball, location: 5FF 2-2: SINGLE (Line Drive, 8RS, EV 108.1 MPH)
|
Batting: SHB Freddie Blundell
|
0-0: Ball Rahman Akinsanya steals 2nd base 1-0: Ball 2-0: Called Strike 2-1: SINGLE (Line Drive, 89S, EV 91.9 MPH) Rahman Akinsanya to third
|
Batting: SHB Tewase Khalil
|
0-0: Ball 1-0: SINGLE (Groundball, 4MD, EV 108.8 MPH) Rahman Akinsanya scores Freddie Blundell to second Runner from 2nd tries for 3rd, SAFE, no throw by CF
|
Batting: LHB Yitna Fenuku
|
0-0: Ball 1-0: Foul Ball, location: 5F 1-1: Ball 2-1: Called Strike 2-2: Fly out, F8 (Flyball, 8RD, EV 79.4 MPH) Runner from 3rd tags up, SCORES, no throw by CF
|
Batting: RHB Nsen Barngetuny
|
0-0: Called Strike 0-1: Foul Ball, location: 2LF 0-2: Ball 1-2: Ball 2-2: Ball Tewase Khalil steals 2nd base 3-2: Foul Ball, location: 2F 3-2: Fly out, F9 (Line Drive, 89S, EV 104.4 MPH)
|
Batting: RHB Akichika Isobe
|
0-0: Foul Ball, location: 2F 0-1: Ball 1-1: Ball 2-1: Called Strike 2-2: Strikes out swinging
|
Top of the 2nd over - 2 runs, 3 hits, 0 errors, 1 left on base; Tembisa 6 - Bloemfontein 0 |
BOTTOM OF THE 2ND |
Bloemfontein Sea Turtles batting - Pitching for Tembisa Aztecs : RHP Adergazoz Ambokile
|
Batting: LHB Dila Koimbori
|
0-0: Foul Ball, location: 2F 0-1: Ball 1-1: Foul Ball, location: 5F 1-2: Foul Ball, location: 2F 1-2: Fly out, F8 (Flyball, 78M, EV 89.4 MPH)
|
Batting: SHB Logan Anum
|
0-0: Ball 1-0: Ball 2-0: Foul Ball, location: 7LDF 2-1: Fly out, F8 (Flyball, 8LD, EV 108.1 MPH)
|
Batting: LHB Kidanu Nsoah
|
0-0: Ball 1-0: Ball 2-0: Ball 3-0: Base on Balls
|
Batting: RHB Husen Madraa
|
0-0: Fielders Choice at 2nd, 5-4 (Groundball, 56, EV 76.9 MPH)
|
Bottom of the 2nd over - 0 runs, 0 hits, 0 errors, 1 left on base; Tembisa 6 - Bloemfontein 0 |
TOP OF THE 3RD |
Tembisa Aztecs batting - Pitching for Bloemfontein Sea Turtles : RHP Tsega Wangondu
|
Batting: RHB Kezekia Limo
|
0-0: Ground out 1-3 (Groundball, 34S, EV 73.1 MPH)
|
Pitching: RHP Albert Akrama
|
|
Batting: RHB Ifser Sumai
|
0-0: Ball 1-0: SINGLE (Groundball, 6, EV 86.3 MPH)
|
Batting: RHB Azar Mugi
|
0-0: Ball 1-0: Grounds into double play, 5-4-3 (Groundball, 56S, EV 91.3 MPH)
|
Top of the 3rd over - 0 runs, 1 hit, 0 errors, 0 left on base; Tembisa 6 - Bloemfontein 0 |
BOTTOM OF THE 3RD |
Bloemfontein Sea Turtles batting - Pitching for Tembisa Aztecs : RHP Adergazoz Ambokile
|
Batting: LHB Mubale Belaouf
|
0-0: Called Strike 0-1: Ball 1-1: Ground out 2-3 (Groundball, 2L, EV 70.6 MPH)
|
Batting: RHB Sarsa-Dengal Ankoma
|
0-0: Called Strike 0-1: Foul Ball, location: 2F 0-2: Ball 1-2: Ball 2-2: Ball 3-2: Foul Ball, location: 2F 3-2: Foul Ball, location: 2F 3-2: Ground out 5-3 (Groundball, 56, EV 101.9 MPH)
|
Batting: RHB Aberashid Ngigi
|
0-0: SINGLE (Groundball, 4MD, EV 105.6 MPH)
|
Batting: LHB Danny Kony
|
0-0: Ball 1-0: Ball 2-0: Called Strike 2-1: Ball 3-1: Foul Ball, location: 2F 3-2: Strikes out swinging
|
Bottom of the 3rd over - 0 runs, 1 hit, 0 errors, 1 left on base; Tembisa 6 - Bloemfontein 0 |
TOP OF THE 4TH |
Tembisa Aztecs batting - Pitching for Bloemfontein Sea Turtles : RHP Albert Akrama
|
Batting: RHB Rahman Akinsanya
|
0-0: Ball 1-0: Ground out 5-3 (Groundball, 56S, EV 69.4 MPH)
|
Batting: SHB Freddie Blundell
|
0-0: SINGLE (Line Drive, 89S, EV 109.4 MPH)
|
Batting: SHB Tewase Khalil
|
0-0: Ball 1-0: Swinging Strike 1-1: Ball 2-1: Fly out, F4 (Line Drive, 4M, EV 63.1 MPH)
|
Batting: LHB Yitna Fenuku
|
0-0: Called Strike Freddie Blundell steals 2nd base 0-1: Called Strike 0-2: Ball 1-2: Strikes out swinging
|
Top of the 4th over - 0 runs, 1 hit, 0 errors, 1 left on base; Tembisa 6 - Bloemfontein 0 |
BOTTOM OF THE 4TH |
Bloemfontein Sea Turtles batting - Pitching for Tembisa Aztecs : RHP Adergazoz Ambokile
|
Batting: LHB Enneber Arazi
|
0-0: SINGLE (Groundball, 34, EV 99.4 MPH) (infield hit)
|
Batting: LHB Dila Koimbori
|
0-0: Ball 1-0: Swinging Strike 1-1: SINGLE (Groundball, 34D, EV 98.8 MPH) Enneber Arazi to second
|
Batting: SHB Logan Anum
|
0-0: Called Strike 0-1: Swinging Strike 0-2: Strikes out swinging
|
Batting: LHB Kidanu Nsoah
|
0-0: Foul Ball, location: 5F 0-1: Ball 1-1: Called Strike 1-2: Fly out, F9 (Flyball, 89S, EV 96.9 MPH)
|
Batting: RHB Husen Madraa
|
0-0: Ball 1-0: Ball 2-0: Ball 3-0: Called Strike 3-1: Foul Ball, location: 25FF 3-2: Fly out, F7 (Flyball, 7LD, EV 83.1 MPH)
|
Bottom of the 4th over - 0 runs, 2 hits, 0 errors, 2 left on base; Tembisa 6 - Bloemfontein 0 |
TOP OF THE 5TH |
Tembisa Aztecs batting - Pitching for Bloemfontein Sea Turtles : RHP Albert Akrama
|
Batting: RHB Nsen Barngetuny
|
0-0: Ball 1-0: Fly out, F2 (Popup, 2LF, EV 93.8 MPH)
|
Batting: RHB Akichika Isobe
|
0-0: Foul Ball, location: 9LMF 0-1: Ball 1-1: Foul Ball, location: 2F 1-2: Ball 2-2: Ground out 6-3 (Groundball, 6, EV 88.8 MPH)
|
Batting: RHB Kezekia Limo
|
0-0: Called Strike 0-1: Swinging Strike 0-2: Ball 1-2: Ground out 6-3 (Groundball, 6, EV 84.4 MPH)
|
Top of the 5th over - 0 runs, 0 hits, 0 errors, 0 left on base; Tembisa 6 - Bloemfontein 0 |
BOTTOM OF THE 5TH |
Bloemfontein Sea Turtles batting - Pitching for Tembisa Aztecs : RHP Adergazoz Ambokile
|
Batting: LHB Mubale Belaouf
|
0-0: Ball 1-0: SINGLE (Groundball, 34D, EV 106.3 MPH) (infield hit)
|
Batting: RHB Sarsa-Dengal Ankoma
|
0-0: Ball 1-0: Called Strike 1-1: Called Strike 1-2: Grounds into double play, 4-6-3 (Groundball, 4, EV 108.1 MPH)
|
Batting: RHB Aberashid Ngigi
|
0-0: Called Strike 0-1: SINGLE (Groundball, 6MD, EV 101.9 MPH)
|
Batting: LHB Danny Kony
|
0-0: Ball Aberashid Ngigi steals 2nd base 1-0: Fly out, F7 (Flyball, 7LM, EV 90.0 MPH)
|
Bottom of the 5th over - 0 runs, 2 hits, 0 errors, 1 left on base; Tembisa 6 - Bloemfontein 0 |
TOP OF THE 6TH |
Tembisa Aztecs batting - Pitching for Bloemfontein Sea Turtles : RHP Albert Akrama
|
Batting: RHB Ifser Sumai
|
0-0: Foul Ball, location: 9LDF 0-1: Ball 1-1: Ball 2-1: Foul Ball, location: 7LMFF 2-2: Foul Ball, location: 5DF 2-2: SINGLE (Line Drive, 89S, EV 98.1 MPH)
|
Batting: RHB Azar Mugi
|
0-0: Foul Ball, location: 23F 0-1: Called Strike 0-2: Ball 1-2: Strikes out swinging
|
Batting: RHB Rahman Akinsanya
|
0-0: Foul Ball, location: 9LDF 0-1: Ball 1-1: SINGLE (Flyball, 8LS, EV 92.5 MPH) Ifser Sumai to second
|
Batting: SHB Freddie Blundell
|
0-0: Called Strike 0-1: Ball 1-1: Ball 2-1: Ball 3-1: Fly out, F5 (Line Drive, 5, EV 69.4 MPH)
|
Batting: SHB Tewase Khalil
|
0-0: Ball 1-0: Called Strike 1-1: Fly out, F7 (Flyball, 7, EV 91.9 MPH)
|
Top of the 6th over - 0 runs, 2 hits, 0 errors, 2 left on base; Tembisa 6 - Bloemfontein 0 |
BOTTOM OF THE 6TH |
Bloemfontein Sea Turtles batting - Pitching for Tembisa Aztecs : RHP Adergazoz Ambokile
|
Batting: LHB Enneber Arazi
|
0-0: Fly out, F7 (Line Drive, 7D, EV 82.5 MPH)
|
Batting: LHB Dila Koimbori
|
0-0: Swinging Strike 0-1: Ball 1-1: Ball 2-1: Fly out, F9 (Flyball, 9, EV 95.0 MPH)
|
Batting: SHB Logan Anum
|
0-0: Called Strike 0-1: Foul Ball, location: 3DF 0-2: Ball 1-2: Ball 2-2: Ball 3-2: Ground out 5-3 (Groundball, 56S, EV 84.4 MPH)
|
Bottom of the 6th over - 0 runs, 0 hits, 0 errors, 0 left on base; Tembisa 6 - Bloemfontein 0 |
TOP OF THE 7TH |
Tembisa Aztecs batting - Pitching for Bloemfontein Sea Turtles : RHP Albert Akrama
|
Batting: LHB Yitna Fenuku
|
0-0: Foul Ball, location: 2F 0-1: Ball 1-1: Ball 2-1: Called Strike 2-2: Strikes out looking
|
Pitching: RHP Adelkria Mattan
|
|
Batting: RHB Nsen Barngetuny
|
0-0: Ball 1-0: Foul Ball, location: 2F 1-1: Foul Ball, location: 2F 1-2: Foul Ball, location: 23FF 1-2: Ball 2-2: Foul Ball, location: 2F 2-2: Ball 3-2: DOUBLE (Flyball, 8LXD, EV 94.4 MPH)
|
Batting: RHB Akichika Isobe
|
0-0: Called Strike 0-1: Ball 1-1: Ball 2-1: Foul Ball, location: 2F 2-2: Foul Ball, location: 3SF 2-2: Strikes out swinging
|
Batting: RHB Kezekia Limo
|
0-0: Called Strike 0-1: Ball 1-1: Foul Ball, location: 23F 1-2: Strikes out swinging
|
Top of the 7th over - 0 runs, 1 hit, 0 errors, 1 left on base; Tembisa 6 - Bloemfontein 0 |
BOTTOM OF THE 7TH |
Bloemfontein Sea Turtles batting - Pitching for Tembisa Aztecs : RHP Adergazoz Ambokile
|
Batting: LHB Kidanu Nsoah
|
0-0: Called Strike 0-1: Ball 1-1: Ground out U3 (Groundball, 34S, EV 87.5 MPH)
|
Batting: RHB Husen Madraa
|
0-0: Ball 1-0: Called Strike 1-1: Swinging Strike 1-2: Ball 2-2: Foul Ball, location: 2F 2-2: Ground out 5-3 (Groundball, 56S, EV 67.5 MPH)
|
Batting: LHB Mubale Belaouf
|
0-0: Ball 1-0: Called Strike 1-1: Ball 2-1: Ball 3-1: Called Strike 3-2: Base on Balls
|
Batting: RHB Sarsa-Dengal Ankoma
|
0-0: Called Strike 0-1: Foul Ball, location: 25F 0-2: Fly out, F7 (Flyball, 78D, EV 95.0 MPH)
|
Bottom of the 7th over - 0 runs, 0 hits, 0 errors, 1 left on base; Tembisa 6 - Bloemfontein 0 |
TOP OF THE 8TH |
Tembisa Aztecs batting - Pitching for Bloemfontein Sea Turtles : RHP Adelkria Mattan
|
Batting: RHB Ifser Sumai
|
0-0: Ball 1-0: Ball 2-0: Ball 3-0: Base on Balls
|
Batting: RHB Azar Mugi
|
0-0: Ball 1-0: Ball 2-0: Swinging Strike 2-1: Ball 3-1: DOUBLE (Line Drive, 3D, EV 103.1 MPH) Ifser Sumai to third
|
Batting: RHB Rahman Akinsanya
|
0-0: Ball 1-0: Called Strike 1-1: Ball 2-1: Ball 3-1: Swinging Strike 3-2: Strikes out swinging
|
Batting: SHB Freddie Blundell
|
0-0: SINGLE (Line Drive, 4D, EV 101.3 MPH) Ifser Sumai scores Azar Mugi to third
|
Batting: SHB Tewase Khalil
|
0-0: SINGLE (Groundball, 34D, EV 95.0 MPH) Azar Mugi scores Freddie Blundell to second
|
Batting: LHB Yitna Fenuku
|
0-0: Swinging Strike 0-1: Hit by Pitch Freddie Blundell to third Tewase Khalil to second
|
Batting: RHB Nsen Barngetuny
|
0-0: Called Strike 0-1: Foul Ball, location: 3SF 0-2: Ball 1-2: Foul Ball, location: 2F 1-2: SINGLE (Line Drive, 78M, EV 94.4 MPH) Freddie Blundell scores Tewase Khalil to third Yitna Fenuku to second
|
Batting: RHB Akichika Isobe
|
0-0: Called Strike 0-1: Called Strike 0-2: Ball 1-2: Ball 2-2: Strikes out swinging
|
Batting: RHB Kezekia Limo
|
0-0: Ball 1-0: Ball 2-0: Called Strike 2-1: Called Strike 2-2: Ball 3-2: Fly out, F9 (Flyball, 9LD, EV 110.6 MPH)
|
Top of the 8th over - 3 runs, 4 hits, 0 errors, 3 left on base; Tembisa 9 - Bloemfontein 0 |
BOTTOM OF THE 8TH |
Bloemfontein Sea Turtles batting - Pitching for Tembisa Aztecs : RHP Adergazoz Ambokile
|
Batting: RHB Aberashid Ngigi
|
0-0: Ground out 4-3 (Groundball, 34, EV 81.3 MPH)
|
Batting: LHB Danny Kony
|
0-0: Called Strike 0-1: Fly out, F7 (Flyball, 7LSF, EV 86.9 MPH)
|
Pinch Hitting: LHB Jassiem Sekani
|
0-0: Foul Ball, location: 2F 0-1: Called Strike 0-2: Foul Ball, location: 23F 0-2: Foul Ball, location: 3SF 0-2: Ball 1-2: Strikes out swinging
|
Bottom of the 8th over - 0 runs, 0 hits, 0 errors, 0 left on base; Tembisa 9 - Bloemfontein 0 |
TOP OF THE 9TH |
Tembisa Aztecs batting - Pitching for Bloemfontein Sea Turtles : RHP Adelkria Mattan
|
Pitching: RHP Eric Clauss
|
|
Now at 1B: Jassiem Sekani
|
|
Batting: RHB Ifser Sumai
|
0-0: Ball 1-0: Fly out, F8 (Flyball, 8LD, EV 83.8 MPH)
|
Batting: RHB Azar Mugi
|
0-0: Called Strike 0-1: SINGLE (Groundball, 34D, EV 108.8 MPH)
|
Batting: RHB Rahman Akinsanya
|
0-0: Ball 1-0: Ball 2-0: Ground out 5-3 (Groundball, 56S, EV 66.3 MPH) Azar Mugi to second
|
Batting: SHB Freddie Blundell
|
0-0: Called Strike 0-1: Ball 1-1: Swinging Strike 1-2: TRIPLE (Flyball, 89XD, EV 98.8 MPH) Azar Mugi scores
|
Batting: SHB Tewase Khalil
|
0-0: Called Strike 0-1: Ball 1-1: DOUBLE (Line Drive, 8LD, EV 110.6 MPH) Freddie Blundell scores
|
Batting: LHB Yitna Fenuku
|
0-0: Called Strike 0-1: Foul Ball, location: 3F 0-2: Ball 1-2: Ball 2-2: Ball 3-2: Fly out, F9 (Flyball, 89S, EV 85.0 MPH)
|
Top of the 9th over - 2 runs, 3 hits, 0 errors, 1 left on base; Tembisa 11 - Bloemfontein 0 |
BOTTOM OF THE 9TH |
Bloemfontein Sea Turtles batting - Pitching for Tembisa Aztecs : RHP Adergazoz Ambokile
|
Pinch Hitting: LHB Zine Mkwasi
|
0-0: Ball 1-0: Foul Ball, location: 3FF 1-1: Fly out, F8 (Flyball, 8LD, EV 103.1 MPH)
|
Batting: SHB Logan Anum
|
0-0: Ball 1-0: Foul Ball, location: 9LDF 1-1: Foul Ball, location: 5SF 1-2: Foul Ball, location: 2F 1-2: Foul Ball, location: 2F 1-2: Fly out, F7 (Line Drive, 7D, EV 94.4 MPH)
|
Batting: LHB Kidanu Nsoah
|
0-0: Ball 1-0: Foul Ball, location: 23FF 1-1: Ball 2-1: Foul Ball, location: 7LSF 2-2: Ball 3-2: Strikes out looking
|
Bottom of the 9th over - 0 runs, 0 hits, 0 errors, 0 left on base; Tembisa 11 - Bloemfontein 0 |
|